 Dungeon Crawl Stone Soup version 0.27.0-1-g7a089689b8 (webtiles) character file.

Game seed: 8108187032558837369

33 Majang the Chopper (level 3, 0/28 HPs)
             Began as a Demonspawn Gladiator on Aug 2, 2021.
             Slain by Natasha (1 damage)
             ... on level 2 of the Dungeon.
             The game lasted 00:03:39 (1079 turns).

Majang the Chopper (Demonspawn Gladiator)           Turns: 1079, Time: 00:03:39

Health: 0/28       AC:  5    Str: 15    XL:     3   Next: 12%
Magic:  0/3        EV: 12    Int:  9    God:
Gold:   20         SH:  0    Dex: 14    Spells: 2/2 levels left

rFire    . . .     SeeInvis .   a - +0 war axe
rCold    . . .     Faith    .   (no shield)
rNeg     . . .     Spirit   +   b - +0 leather armour
rPois    .         Reflect  .   c - +0 helmet
rElec    .         Harm     .   (no cloak)
rCorr    .         Rampage  .   (no gloves)
Will     .....                  (no boots)
Stlth    +.........             e - amulet of guardian spirit
HPRegen  0.09/turn              (no ring)
MPRegen  0.08/turn              (no ring)

@: hasted and slowed
A: rugged brown scales 1
a: no special abilities


You were on level 2 of the Dungeon.
You visited 1 branch of the dungeon, and saw 2 of its levels.

You collected 20 gold pieces.

Inventory:

Hand Weapons
 a - a +0 war axe (weapon)
 g - a +0 whip
Missiles
 d - 3 throwing nets (quivered)
 k - 18 poisoned darts
Armour
 b - a +0 leather armour (worn)
 c - a +0 helmet (worn)
 f - a +0 buckler
Jewellery
 e - an amulet of guardian spirit (around neck)
Scrolls
 i - a scroll of identify {unknown}
 j - a scroll of vulnerability {unknown}
 l - a scroll of noise {unknown}


   Skills:
 + Level 2.5 Fighting
 * Level 3.5 Axes
 - Level 1.7 Throwing
 - Level 2.6 Dodging


You had 2 spell levels left.
You didn't know any spells.
Your spell library contained the following spells:

 Spells                   Type           Power      Damage    Failure   Level
 Slow                     Hex            0%         N/A       58%         2
 Confusing Touch          Hex            0%         N/A       83%         3
 Vampiric Draining        Necr           0%         2d6       83%         3


Dungeon Overview and Level Annotations

Branches:
Dungeon (2/15)

Altars:

Annotations:
D:2 Natasha


Innate Abilities, Weirdness & Mutations

You are partially covered in rugged brown scales. (AC +1, +3% HP)


Message History

You feel yourself speed up. Natasha closely misses you. x2
You barely miss Natasha.
Natasha is heavily wounded.
Natasha claws you.
* * * LOW HITPOINT WARNING * * *
Unknown command.
You barely miss Natasha.
Natasha is heavily wounded.
Natasha claws you.
* * * LOW HITPOINT WARNING * * *
Okay, then.
It was a potion of haste.
You feel yourself speed up. Natasha claws you.
* * * LOW HITPOINT WARNING * * *
You closely miss Natasha.
Natasha is heavily wounded.
Natasha barely misses you.
You hit Natasha.
Natasha is severely wounded.
Natasha drinks a potion.
Natasha is healed!
You slash Natasha!
Natasha is severely wounded.
Natasha casts a spell at you.
You feel yourself slow down.
You barely miss Natasha.
Natasha is severely wounded.
Natasha claws you but does no damage.
You closely miss Natasha.
Natasha is severely wounded.
Natasha closely misses you.
Natasha mumbles some strange words.
Natasha glows brightly for a moment.
Natasha barely misses you.
You hit Natasha but do no damage.
Natasha is severely wounded.
Natasha claws you.
You closely miss Natasha.
Natasha is severely wounded.
Natasha claws you.
You die...

##.# .# #..#..# ###.†..#
# #.>.######.
#.###.#.###....
#.....#.....## . .
##.........###..
....#####.....##<.......
...?[.h@._.##........#.#
..>.####...##..#.......#
. #.#.....#.....###
..####.#)##.##.....#
.h........#.##.....#
.............#.....#
.$...........#######
.............#
..........####


You could see Natasha.

Vanquished Creatures
  A dart slug (D:1)
  3 bats
  An endoplasm (D:1)
  A giant cockroach (D:2)
  A goblin (D:1)
  2 hobgoblins (D:1)
  8 jackals (D:1)
  2 ball pythons
  4 frilled lizards (D:1)
  3 kobolds
  3 rats
29 creatures vanquished.

Notes
Turn   | Place    | Note
-------+----------+-------------------------------------------
     0 | D:1      | Majang the Demonspawn Gladiator began the quest for the
                  | Orb.
     0 | D:1      | Reached XP level 1. HP: 16/16 MP: 1/1
   290 | D:1      | Reached skill level 3 in Axes
   300 | D:1      | Gained mutation: You are partially covered in rugged brown
                  | scales. (AC +1, +3% HP) [demonic ancestry]
   300 | D:1      | Reached XP level 2. HP: 12/22 MP: 2/2
   997 | D:2      | Found a faded altar of an unknown god.
   997 | D:2      | Noticed Natasha
  1003 | D:2      | Reached XP level 3. HP: 28/28 MP: 3/3
  1072 | D:2      | HP: 1/28 [Natasha (4)]
  1079 | D:2      | Slain by Natasha

Illustrated notes

Levels and vault maps discovered:
D:1:      minmay_arrival_jagged, layout_loops_cross
D:2:      layout_rooms, serial_shops, nicolae_shop_crystal,
          basic_ecumenical_altar, kennysheep_generic_room_6, uniq_natasha

Skill      XL: |  1 |
---------------+----+-----
Axes           | 3 |  3.5
Fighting       | |  2.5
Throwing       | |  1.7
Dodging        | |  2.6

Action                   || total
-------------------------++-------
Melee: War axe           ||    97
  Use: Potion            ||     1
 Stab: Sleeping          ||     1
Armor: Leather armour    ||    38
Dodge: Dodged            ||    96
